 Dungeon Crawl Stone Soup version 0.29-a0-359-g541a27f54d (webtiles) character file.

Game seed: 15402426019591801949

655 purpskrrrp the Ruffian (level 7, 0/67 HPs)
             Began as a Troll Berserker on Apr 27, 2022.
             Was a Priest of Trog (penitent).
             Slain by a polar bear (11 damage)
             ... created by the rage of Trog
             ... on level 4 of the Dungeon.
             The game lasted 00:43:52 (4489 turns).

purpskrrrp the Ruffian (Troll Berserker)            Turns: 4489, Time: 00:43:53

Health: 0/67       AC:  5    Str: 26    XL:     7   Next: 29%
Magic:  6/6        EV: 10    Int:  3    God:    Trog [***...]
Gold:   130        SH:  0    Dex: 11    Spells: 5/6 levels left

rFire   . . .      SeeInvis .   p - +4 quarterstaff (chaos)
rCold   . . .      Faith    .   (shield currently unavailable)
rNeg    . . .      Spirit   .   a - +1 animal skin
rPois   .          Reflect  .   (helmet restricted)
rElec   .          Harm     .   (no cloak)
rCorr   .          Rampage  .   (gloves unavailable)
Will    .....                   (boots unavailable)
Stlth   +.........              (no amulet)
HPRegen 1.01/turn               (no ring)
MPRegen 0.10/turn               (no ring)

@: no status effects
A: large, unfitting armour, claws 3, regeneration 1, shaggy fur 1, tough skin 1
a: Renounce Religion


You were on level 4 of the Dungeon.
You worshipped Trog.
Trog was demanding penance.
You visited 1 branch of the dungeon, and saw 4 of its levels.

You collected 163 gold pieces.
You spent 33 gold pieces at shops.

Inventory:

Hand Weapons
 e - a +0 trident
 h - a +1 short sword of electrocution
 i - a +3 falchion of draining
 m - a +0 spear
 n - a +0 shortbow
 p - a +4 quarterstaff of chaos (weapon)
 u - a +1 vampiric whip
Missiles
 b - 102 stones (quivered)
 t - 4 poisoned darts
Armour
 a - a +1 animal skin (worn)
 c - a +0 robe
 d - a +0 robe
 g - a +0 robe
Wands
 j - a wand of digging (3)
Scrolls
 k - 3 scrolls of identify
 l - 2 scrolls of noise
 r - a scroll of magic mapping
Potions
 f - a potion of cancellation
 o - a potion of mutation {unknown}
 s - a potion of berserk rage {unknown}


   Skills:
 + Level 3.5 Fighting
 + Level 2.7(2.8) Short Blades
 + Level 0.3(1.7) Long Blades
 + Level 0.1 Staves
 + Level 3.3 Throwing
 + Level 3.9 Dodging
 + Level 0.3 Stealth
 + Level 4.0 Unarmed Combat


You had 5 spell levels left.
You knew the following spells:

 Your Spells              Type           Power      Damage    Failure   Level
a - Shock                 Conj/Air       0%         1d3       52%         1

Your spell library contained the following spells:

 Spells                   Type           Power      Damage    Failure   Level
 Swiftness                Air            0%         N/A       88%         3
 Airstrike                Air            0%         N/A       99%         4


Dungeon Overview and Level Annotations

Branches:
Dungeon (4/15)
 Temple: D:4-7

Altars:

Shops:
D:2 !


Innate Abilities, Weirdness & Mutations

You are too large for most types of armour.
You have claws for hands.
Your natural rate of healing is unusually fast.
You are covered in fur. (AC +1)
You have tough skin. (AC +1)


Message History

b - 97 stones (gained 2)
b - 98 stones (gained 1)
b - 99 stones (gained 1)
b - 101 stones (gained 2)
b - 102 stones (gained 1)
Found a quarterstaff.
k - 3 scrolls of identify (gained 1)
s - a smoky orange potion You now have 130 gold pieces (gained 14).
You see here a +0 quarterstaff.
You see here 4 poisoned darts.
t - 4 poisoned darts You see here a +1 vampiric whip.
u - a +1 vampiric whip Trog sends monsters to punish you. 2 black bears and 2 polar bears come into view.
The polar bear moves out of view.
The polar bear bites you! The polar bear claws you.
The polar bear claws you but does no damage.
The polar bear bites you. The polar bear claws you. x2
The polar bear attacks as you move away!
The polar bear bites you! The polar bear claws you.
The polar bear claws you but does no damage.
The black bear attacks as you move away!
The black bear bites you but does no damage.
The black bear closely misses you. x2
The polar bear attacks as you move away!
The polar bear barely misses you. x2; The polar bear claws you.
The black bear attacks as you move away!
The black bear bites you but does no damage.
The black bear claws you. x2
The black bear rages.
The polar bear bites you!
* * * LOW HITPOINT WARNING * * *
The polar bear barely misses you. The polar bear completely misses you.
As you read the scroll of fog, it crumbles to dust.
The scroll dissolves into smoke.
The polar bear closely misses you. The polar bear misses you. x2
The polar bear bites you!
You die...

##....... ### .# #........ ...
...## #...##...###.. # #...###..#
#.#.#.#.#.#
#...([.###...#.#...###
#############.(†(...###...### . .
#.............§§§(#.#.#.#.#.#.#..
....###########§§§(.##.#.#.##..
#.#.# ##@###).#.#.#..### ..#.#
#h#...#.#.#.#...# ###.#
#h###..#.#.#..### ....#
#h§..##.#.#.##.. #####
##.h#.#.#.#.#)#.#..
#.....###...### . .
#$.###h..#.#...### ## #..#
#h#.#.#.#.# .. PP♣♣ #...
#...###.. #


You could see 2 polar bears.

Vanquished Creatures
  Grinder (D:4)
  A centaur (D:4)
  A scorpion (D:4)
  A jelly (D:4)
  Crazy Yiuf (D:4)
  An iguana (D:4)
  An orc wizard (D:4)
  2 gnolls (D:3)
  8 adders
  A worm (D:4)
  A dart slug (D:1)
  12 orcs
  4 ball pythons
  4 bats
  6 endoplasms
  7 giant cockroaches
  11 goblins
  9 hobgoblins
  2 jackals (D:4)
  6 kobolds
  6 quokkas
  4 frilled lizards
  6 rats
96 creatures vanquished.

Vanquished Creatures (others)
  2 fungi (D:4)
  35 plants
37 creatures vanquished.

Grand Total: 133 creatures vanquished

Notes
Turn   | Place    | Note
-------+----------+-------------------------------------------
     0 | D:1      | purpskrrrp the Troll Berserker began the quest for the Orb.
     0 | D:1      | Reached XP level 1. HP: 22/22 MP: 0/0
    38 | D:1      | Found a faded altar of an unknown god.
    42 | D:1      | Reached XP level 2. HP: 29/29 MP: 1/1
   753 | D:2      | Reached XP level 3. HP: 32/36 MP: 2/2
   824 | D:2      | Reached ** piety under Trog
   825 | D:2      | Found Kodd's Distillery.
  1702 | D:2      | Reached XP level 4. HP: 44/45 MP: 3/3
  2160 | D:2      | Bought a potion of lignification for 33 gold pieces
  2346 | D:3      | Reached skill level 1 in Throwing
  2360 | D:3      | Reached skill level 4 in Unarmed Combat
  3387 | D:4      | Noticed Grinder
  3416 | D:4      | Paralysed by Grinder for 5 turns
  3424 | D:4      | Paralysed by Grinder for 4 turns
  3431 | D:4      | Killed Grinder
  3432 | D:4      | Reached XP level 5. HP: 53/53 MP: 4/4
  3432 | D:4      | Reached XP level 6. HP: 61/61 MP: 5/5
  3719 | D:4      | Reached *** piety under Trog
  3847 | D:4      | Reached XP level 7. HP: 57/67 MP: 6/6
  4059 | D:4      | Found a runed translucent door.
  4060 | D:4      | Noticed Crazy Yiuf
  4069 | D:4      | Killed Crazy Yiuf
  4145 | D:4      | Was placed under penance by Trog
  4147 | D:4      | Learned a level 1 spell: Shock
  4483 | D:4      | Noticed a polar bear
  4483 | D:4      | Noticed a polar bear
  4489 | D:4      | Slain by a polar bear

Illustrated notes

Levels and vault maps discovered:
D:1:      lightli_arrival_lavapool, layout_basic, ebering_ecumenical_altar_ruins
D:2:      layout_basic, serial_shops, shop
D:3:      wad_woods_tower, layout_basic
D:4:      layout_loops_ring, serial_forest, infiniplex_forest_fountain,
          infiniplex_forest_clump_C, infiniplex_forest_lined_room_2,
          infiniplex_forest_straight_5, infiniplex_forest_clump_small,
          infiniplex_forest_lined_4_way, infiniplex_forest_end_double,
          infiniplex_forest_lined_3_way, minmay_starry_boxes,
          uniq_crazy_yiuf_cottage, uniq_grinder

Skill      XL: |  1  2  3  4  5  6 |
---------------+-------------------+-----
Fighting       | 3 |  3.5
Throwing       | 2 3 |  3.3
Unarmed Combat | 4 |  4.0
Dodging        | 3 |  3.9
Short Blades   | 2 |  2.7
Long Blades    | |  0.3
Staves         | |  0.1
Stealth        | |  0.3

Action                   |  1- 3 |  4- 6 |  7- 9 || total
-------------------------+-------+-------+-------++-------
Melee: Unarmed           |    81 |       |       ||    81
       Short sword       |    11 |   143 |       ||   154
       Punch             |     1 |     3 |     2 ||     6
       Falchion          |       |     8 |    32 ||    40
       Quarterstaff      |       |       |    16 ||    16
Throw: Stone             |    74 |    95 |    35 ||   204
  Use: Potion            |     3 |     7 |       ||    10
       Scroll            |     4 |     2 |     2 ||     8
Armor: Animal skin       |    23 |    31 |    14 ||    68
       Skin              |       |    20 |       ||    20
Dodge: Dodged            |    38 |    83 |    26 ||   147

Table legend: (Time is in decaauts)
 A = Elapsed time spent in this place.
 B = Non-inter-level travel time spent in this place.
 C = Inter-level travel time spent in this place.
 D = Time resting spent in this place.
 E = Time spent auto-exploring this place.
 F = Levels seen in this place.
 G = Mean time per level.
                   A        B        C        D        E       F      G
               +--------+--------+--------+--------+--------+-----+--------+
         Total |   4512 |   3938 |    574 |      0 |   2425 |   4 | 1128.0 |
       Dungeon |   4512 |   3938 |    574 |      0 |   2425 |   4 | 1128.0 |
               +--------+--------+--------+--------+--------+-----+--------+

Top non-repeatable levels by time:
     D:2: 1437 daAuts
     D:4: 1177 daAuts
     D:3: 1155 daAuts
     D:1: 741 daAuts
